 Dungeon Crawl Stone Soup version 0.25-a0-364-ge76b031 (webtiles) character file.

Game seed: 17521179148723314431, levelgen mode: deterministic

29 Birdy the Ducker (level 3, 0/21 HPs)
             Began as a Vampire Gladiator on Jan 4, 2020.
             Slain by a goblin
             ... wielding a +0 club
             ... led by Robin
              (3 damage)
             ... on level 2 of the Dungeon.
             The game lasted 00:01:52 (7756 turns).

Birdy the Ducker (Vampire Gladiator)                Turns: 7756, Time: 00:01:53

Health: 0/21       AC:  5    Str: 13    XL:     3   Next: 1%
Magic:  3/3        EV: 13    Int: 10    God:
Gold:   31         SH:  0    Dex: 16    Spells: 2/2 levels left

rFire    . . .     SeeInvis +   a - +1 war axe
rCold    + + .     Gourm    .   (no shield)
rNeg     + + +     Faith    .   b - +0 leather armour
rPois    ∞         Spirit   .   c - +1 helmet
rElec    .         Reflect  .   (no cloak)
rCorr    .         Harm     .   (no gloves)
MR       .....                  (no boots)
Stlth    ++++......             (no amulet)
HPRegen  0.00/turn              (no ring)
MPRegen  0.08/turn              (no ring)

@: bloodless
A: no food, fangs 3, see invisible, unbreathing
a: Bat Form, Revivify


You were on level 2 of the Dungeon.
You were bloodless.

You visited 1 branch of the dungeon, and saw 2 of its levels.

You collected 31 gold pieces.

Inventory:

Hand Weapons
 a - a +1 war axe (weapon)
Missiles
 d - 3 throwing nets (quivered)
 i - 22 poisoned darts
Armour
 b - a +0 leather armour (worn)
 c - a +1 helmet (worn)
Potions
 f - 2 potions of lignification


   Skills:
 + Level 2.1 Fighting
 + Level 3.0 Axes
 - Level 1.5 Throwing
 + Level 3.6 Dodging
 + Level 2.0 Stealth


You had 2 spell levels left.
You didn't know any spells.
Your spell library was empty.

Dungeon Overview and Level Annotations

Branches:
Dungeon (2/15)

Altars:

Annotations:
D:2 Robin


Innate Abilities, Weirdness & Mutations

You do not eat.
You do not regenerate when monsters are visible.
You are frail without blood (-20% HP).
You can heal yourself when you bite living creatures.
You are immune to poison.
You have razor-sharp teeth.
You have supernaturally acute eyesight. (SInv)
You can survive without breathing.


Message History

You have reached level 3!
Your experience leads to an increase in your attributes!
Increase (S)trength, (I)ntelligence, or (D)exterity?
You feel agile.
You can now transform into a vampire bat.
You hit the ooze but do no damage. You miss the goblin.
You barely miss the goblin.
A hobgoblin comes into view.
The goblin closely misses you. The ooze hits you.
The goblin closely misses you.
Unknown command.
You closely miss the goblin. You miss the goblin.
The hobgoblin shouts!
You hit the goblin. You hit the ooze. You hit the goblin.
The goblin hits you with a +0 dagger.
* * * LOW HITPOINT WARNING * * *
The ooze hits you.
* * * LOW HITPOINT WARNING * * *
The goblin misses you. The goblin hits you with a +0 club.
You die...

#######
.....#######
#>..........
#.........#
.###..w......##
.gg.gggJ..?....
#.g@.....#.
#.gg.......
##<......#.
.........###...#
....###### .##
.. #


You could see a worm, an ooze, a hobgoblin and 7 goblins.

Vanquished Creatures
  An adder (D:2)
  3 dart slugs (D:1)
  A giant cockroach (D:1)
  A goblin (D:1)
  2 hobgoblins (D:1)
  3 kobolds (D:1)
  A bat (D:1)
  A frilled lizard (D:1)
  2 rats (D:1)
15 creatures vanquished.

Notes
Turn   | Place    | Note
-------+----------+-------------------------------------------
     0 | D:1      | Birdy the Vampire Gladiator began the quest for the Orb.
     0 | D:1      | Reached XP level 1. HP: 16/16 MP: 1/1
    67 | D:1      | Reached skill level 1 in Stealth
    78 | D:1      | Reached XP level 2. HP: 5/22 MP: 2/2
  7751 | D:2      | Noticed Robin
  7755 | D:2      | Reached XP level 3. HP: 14/21 MP: 3/3
  7756 | D:2      | Slain by a goblin

Levels and vault maps discovered:
D:1:      scummos_arrival_star, layout_rooms
D:2:      wad_lake_hut, layout_loops_ring,
          chequers_temple_overflow_statue_of_worship, first_ration,
          minmay_box_of_dots, uniq_robin

Skill      XL: |  1  2 |
---------------+-------+-----
Stealth        | 1 2 |  2.0
Fighting       | 2 |  2.1
Axes           | 3 |  3.0
Throwing       | |  1.5
Dodging        | |  3.6

Action                   || total
-------------------------++-------
Melee: War axe           ||    42
       Bite              ||     5
 Abil: Exsanguinate      ||     1
  Use: Scroll            ||     3
 Stab: Sleeping          ||     5
Armor: Leather armour    ||    19
Dodge: Dodged            ||    35

Table legend:
 A = Non-vault XP
 B = Vault XP
 C = Vault XP percentage of total XP
 D = Non-vault monster count
 E = Vault monster count
 F = Vault count percentage of total count
                 A         B        C        D         E       F
            +---------+---------+-------+---------+---------+-------
      Total |      42 |       0 |   0.0 |      15 |       0 |   0.0
            +---------+---------+-------+---------+---------+-------
        D:1 |      29 |       0 |   0.0 |      14 |       0 |   0.0
        D:2 |      13 |       0 |   0.0 |       1 |       0 |   0.0
            +---------+---------+-------+---------+---------+-------
